Workbook
Name Acc_payable: #REF!
Name Acc_payable_growth_fore: #REF!
Name Acc_Rec: #REF!
Name Acc_Rec_growth_fore: #REF!
Name Acc_Rec_turns: #REF!
Name Accel_Ratio: #REF!
Name Accrued_compensation: #REF!
Name Accrued_compensation_growth_fore: #REF!
Name Accrued_expenses: #REF!
Name Accrued_expenses_growth_fore: #REF!
Name Accum_Cap_Expenses: #REF!
Name Accum_Cap_Expenses_growth_fore: #REF!
Name Accum_Goodwill_Amort: #REF!
Name Accum_Goodwill_Amort_growth_fore: #REF!
Name Accum_Other_Amort.: #REF!
Name Adj_net_oper_fore: #REF!
Name Adjusted_Common_Equity: #REF!
Name Adjusted_Income_Available_to_Common: #REF!
Name Adjusted_Net_Operating_Profit: #REF!
Name After_tax_charge: #REF!
Name After_Tax_charges_gains: #REF!
Name Average_invested_capital: #REF!
Name Average_invested_capital_DCF: #REF!
Name Average_thereafter: #REF!
Name Beta: #REF!
Name Bond_rating: #REF!
Name Book_value_per_share: #REF!
Name Cap._RnD_Asset_net_of_RnD_amort.: #REF!
Name Cash: #REF!
Name Cash_DCF: #REF!
Name Cash_fore: #REF!
Name Cash_growth: #REF!
Name Cash_growth_fore: #REF!
Name Cash_Operating_Taxes: #REF!
Name Cash_operating_taxes_fore: #REF!
Name Chg_in_fixed_assets: #REF!
Name Chg_in_other_assets: #REF!
Name Chg_in_working_capital: #REF!
Name Closing_price: #REF!
Name Commercial_paper: #REF!
Name Company: #REF!
Name Corporate_Value: #REF!
Name Cost_of_sales_net_of_D_A: #REF!
Name Cumulative_PV_of_EVA: #REF!
Name Cumulative_PV_of_FCF: #REF!
Name Current_assets: #REF!
Name Customer_deposits: #REF!
Name Customer_deposits_growth_fore: #REF!
Name DCF_1995: #REF!
Name DCF_1996: #REF!
Name DCF_1997: #REF!
Name DCF_1998: #REF!
Name DCF_1999: #REF!
Name DCF_2000: #REF!
Name DCF_2001: #REF!
Name DCF_2002: #REF!
Name DCF_2003: #REF!
Name DCF_2004: #REF!
Name DCF_2005: #REF!
Name DCF_2006: #REF!

Sheet Tutorial 8
B2: Online Tutorial #8: How Do You Perform a Price-Implied Expectations (PIE) Analysis?
B5: In the previous online tutorials, we defined and explained how to calculate and project various Operating Value Drivers and Other Value Determinants:
B7: Operating Value Drivers | C7: Topic Covered in Tutorial #:
B8: 1. Sales Growth Rate | C8: Tutorial #2 (Sales Growth Rate)
B9: 2. Operating Profit Margin
B10: 3. Incremental Investment Rate | C10: Tutorial #4 (Working Capital) and Tutorial #5 (Fixed Capital)
B11: Other Value Determinants | C11: Topic Covered in Tutorial #:
B12: 1. Cash Tax Rate | C12: Tutorial #7 (Cash Tax Rate)
B13: 2. Cost of Capital | C13: Tutorial #8 (Cost of Capital)
B14: 3. Forecast Period | C14: Tutorial #9 (below)
B17: This session puts it all together and uses those value drivers and determinants to explain the mechanics of the PIE analysis. We perform this analysis in four steps:
B19: 1. Calculate Free Cash Flow
B20: 2. Value Non-Operating Assets
B21: 3. Calculate Market Value of Equity
B22: 4. Determine the Market-Implied Forecast Period
B24: As with the previous tutorials, we will use Domino's Pizza. (as of September 2020) as a case study. Readers who want to perform the PIE calculations may wish to download the accompanying spreadsheet.
B26: In the calculations to follow, we will use the Operating Value Drivers and Other Value Determinants that we have projected previously.
B29: Sales Growth Rate (%) | C29: 0.07
B30: Operating Profit Margin (%) | C30: 0.175
B31: Cash Tax Rate (%) | C31: 0.165
B32: Incremental Working Capital Rate (%) | C32: 0.15
B33: Incremental Fixed Capital Rate (%) | C33: 0.1
B35: Step 1: Calculate Free Cash Flow
B37: All three Operating Value Drivers and one Other Value Determinant--the Cash Tax Rate--affect Free Cash Flow:
B39: We calculate Free Cash Flow for any given year by performing the following five steps:
B41: A. Calculate Sales
B42: B. Calculate Operating Profit
B43: C. Calculate and Subtract Cash Taxes
B44: D. Calculate and Subtract Incremental Investment
B45: E. Calculate Free Cash Flow
B47: A. Calculate Sales. For historical data, we use actual Sales figures as a starting point. For projected data, we apply the Sales Growth Rate (%) to historical Sales figures to project future Sales. For example, Domino's 2019 historical Sales amounted to $3.619 billion. With a 7% projected Sales Growth Rate, this would translate into $3.9 billion in Sales in 2020 and $4.1 billion in 2021.
C49: =+'Price Implied Expectations'!C5 -> 2021 | D49: =C49+1 -> 2022 | E49: =D49+1 -> 2023
B50: Sales (in billions) | C50: =+Inputs!C7/1000 -> 257.637 | D50: =+C50*(1+D51) -> 275.67159 | E50: =D50*(1+E51) -> 294.9686
B51: Sales Growth Rate (%) | D51: 0.07 | E51: =+D51 -> 0.07
B53: B. Calculate Operating Profit. We multiply Sales by the Operating Profit Margin (%) to obtain pre-tax Operating Profit. The historical Operating Profit Margin in 2019 equaled 17.39%. So, pre-tax Operating Profit in 2019 amounts to 17.39% times $3.619 billion in Sales, or $524 million. Using our projected Operating Profit Margin of 17.5%, projected Operating Profit in 2020 amounts to 17.5% times $3.87 billion in Sales, or $677.6 million. Operating Profit in 2021 amounts to 17.5% times $4.14 billion in Sales, or $725 million.
C55: =+C49 -> 2021 | D55: =C55+1 -> 2022 | E55: =D55+1 -> 2023
B56: Sales (in billions) | C56: =C50 -> 257.637 | D56: =D50 -> 275.67159 | E56: =E50 -> 294.9686
B57: Operating Profit Margin (%) | C57: =+Inputs!S10 -> 0.38671068 | D57: =+Inputs!C8 -> 0.27 | E57: =+D57 -> 0.27
B58: Pre-Tax Operating Profit (in millions) | C58: =C56*C57 -> 99.630978 | D58: =D56*D57 -> 74.431329 | E58: =E56*E57 -> 79.641522
B60: C. Calculate and Subtract Cash Taxes. We then take the company's pre-tax Operating Profit and multiply it by the Cash Tax Rate (%). We subtract the amount of Cash Taxes from pre-tax Operating Profit to obtain Net Operating Taxes After Taxes (NOPAT). In 2019, Domino's had a Cash Tax Rate of 16.7%, meaning the company's cash taxes were equal to $105.2 million, 16.7% times its pre-tax Operating Profit of $629.4 million. NOPAT was therefore $524 million in NOPAT. Applying our projected 16.5% cash tax rate to our 2020 and 2021 pre-tax Operating Profit estimates results in NOPAT of $566 million and $605 million, respectively.
C62: =+C55 -> 2021 | D62: =C62+1 -> 2022 | E62: =D62+1 -> 2023
B63: Pre-Tax Operating Profit (in millions) | C63: =C58 -> 99.630978 | D63: =D58 -> 74.431329 | E63: =E58 -> 79.641522
B64: Cash Tax Rate (%) | C64: =+Inputs!S12 -> 0.16004572 | D64: 0.165 | E64: 0.165
B65: Cash Taxes (in millions) | C65: =C63*C64 -> 15.945512 | D65: =D63*D64 -> 12.281169 | E65: =E63*E64 -> 13.140851
B66: Net Operating Profit After Taxes (in millions) | C66: =C63-C65 -> 83.685466 | D66: =D63-D65 -> 62.15016 | E66: =E63-E65 -> 66.500671
B68: D. Calculate and Subtract Incremental Investments. To calculate incremental investments for any given year, we multiply the projected increase in sales by the Incremental Working Capital Rate and add this to the projected increase in sales times the Incremental Fixed Capital Rate. For example, in 2019, Domino's generated $6 million in cash from Incremental Working Capital--equal to the Incremental Working Capital Rate of -3.1% times the increase in sales of $186 million--and $26 million in Incremental Fixed Capital--equal to the Incremental Fixed Capital Rate of 13.8% times the increase in sales of $166 million. This amounts to $20 million in Total Incremental Capital in 2019.
B70: Applying our projected Operating Value Drivers into the future yields an estimate of $63 million and $68 million in Total Incremental Capital for 2020 and 2021.
C72: =+C62 -> 2021 | D72: =C72+1 -> 2022 | E72: =D72+1 -> 2023
B73: Sales (in billions) | C73: =C56 -> 257.637 | D73: =D56 -> 275.67159 | E73: =E56 -> 294.9686
B74: Incremental Sales (in millions) | C74: =C73-(Inputs!R7/1000) -> 89.002 | D74: =D73-C73 -> 18.03459 | E74: =E73-D73 -> 19.297011
B75: Incremental Working Capital Rate (%) | C75: =+Inputs!C10 -> 0.1 | D75: =+C75 -> 0.1 | E75: =+D75 -> 0.1
B76: Incremental Working Capital (in millions) | C76: =C74*C75 -> 8.9002 | D76: =D74*D75 -> 1.803459 | E76: =E74*E75 -> 1.9297011
B77: Incremental Fixed Capital Rate (%) | C77: =+Inputs!C11 -> 0.15 | D77: =+C77 -> 0.15 | E77: =+D77 -> 0.15
B78: Incremental Fixed Capital (in millions) | C78: =C74*C77 -> 13.3503 | D78: =D74*D77 -> 2.7051885 | E78: =E74*E77 -> 2.8945517
B79: Total Incremental Capital | C79: =C76+C78 -> 22.2505 | D79: =D76+D78 -> 4.5086475 | E79: =E76+E78 -> 4.8242528
B82: E. Calculate Free Cash Flow. We are now ready to calculate Free Cash Flow, which is simply Net Operating Profits After Taxes minus Total Incremental Capital:
C84: =+C72 -> 2021 | D84: =C84+1 -> 2022 | E84: =D84+1 -> 2023
B85: add Net Operating Profit After Taxes (in millions) | C85: =C66 -> 83.685466 | D85: =D66 -> 62.15016 | E85: =E66 -> 66.500671
B86: minus Total Incremental Capital (in millions) | C86: =C79 -> 22.2505 | D86: =D79 -> 4.5086475 | E86: =E79 -> 4.8242528
B87: Free Cash Flow (in millions) | C87: =C85-C86 -> 61.434966 | D87: =D85-D86 -> 57.641512 | E87: =E85-E86 -> 61.676418
B89: Step 2: Value Non-Operating Assets
B91: Once we have calculated projected Free Cash Flows into the future, we need to include the value of Non-Operating Assets and Debt.
B93: A. Calculate Value of Non-Operating Assets. Excess cash and marketable securities largely account for the value of non-operating assets. As of September, 2020, Domino's had approximately $392 million in total cash and marketable securities, or approximately $9.95 per share.
B95: B. Calculate Value of Debt and other Liabilities. To calculate the total value of economic liabilities, we add the following:
B97: Debt. Domino's debt was $4.17 billion in September, 2020.
B98: There were no other meaningful liabilities
B100: Domino's economic liabilities total $4.17 billion, or $106 per share.
B102: C. Calculate Net Value of Non-Operating Assets and Debt. We add Domino's Excess Cash of $392 million and subtract the value of Domino's debt of $4.17 billion to corporate value.
B104: Step 3: Calculate Market Value of Equity
B106: To calculate the market value of equity, we multiply the share price by the number of outstanding shares:
C108: As Of October, 2022
B109: Share Price ($, per share) | C109: =+Inputs!C21 -> 97
B110: Outstanding Shares (in millions) | C110: =+Inputs!C22 -> 13097
B111: Market Value of Equity ($, in billions) | C111: =C109*C110 -> 1270409
B113: Step 4: Calculate Market-Implied Forecast Period
B115: We are now ready to calculate the Market-Implied Forecast Period. To do this, we determine the present value of Domino's Free Cash Flows (calculated in Step 1), using the company's Weighted Average Cost of Capital of 5.35% (calculated in Online Tutorial #8). We then extend the Forecast Period as far as necessary to match the current stock price. Our residual value is a perpetuity with inflation and assumes a 1.6 percent inflation rate.
B117: We estimate Domino's value at the end of 2020 to be $285 per share, and it increases each year until it reaches its $418 stock price in 2027, the eighth year (see spreadsheet). The market-implied forecast period is therefore eight years. The spreadsheet also automatically calculates the Market-Implied Forecast Period in cell C31 of worksheet "Price Implied Expectations."
B119: This concludes our Tutorial on calculating Price-Implied Expectations.
B121: Please note that you can this same spreadsheet to perform sensitivity analyses to see the valuation impact of scenarios with various Operating Value Drivers and Other Value Determinants--as explained in Chapter 6 and 7.

Sheet Inputs
B2: Price-Implied Expectations (PIE) Inputs
B4: Operating Value Drivers:
G5: PIE | H5: Low | I5: High
B6: Sales growth rate | C6: 0.0975 | F6: Sales growth rate | G6: =+C6 -> 0.0975 | H6: =+G6-2% -> 0.0775 | I6: =+G6+2% -> 0.1175 | Q6: 2019 | R6: =+Q6+1 -> 2020 | S6: =+R6+1 -> 2021
B7: Starting sales | C7: 257637 | F7: Estimated value | G7: 97.05 | H7: 78.464839 | I7: 121.61749 | P7: sales | Q7: 151825 | R7: 168635 | S7: 237529
B8: Operating profit margin | C8: 0.27 | F8: Upside / downside | H8: =+H7/G7-1 -> -0.19150089 | I8: =+I7/G7-1 -> 0.25314256 | P8: incremental sales | R8: =+R7-Q7 -> 16810 | S8: =+S7-R7 -> 68894
B9: Starting operating profit margin | C9: =+S10 -> 0.38671068 | P9: EBIT | Q9: 48999 | R9: 54606 | S9: 91855
B10: Incremental fixed capital investment rate | C10: 0.1 | P10: margin | Q10: =+Q9/Q7 -> 0.32273341 | R10: =+R9/R7 -> 0.32381178 | S10: =+S9/S7 -> 0.38671068
B11: Incremental working capital investment rate | C11: 0.15 | P11: taxes | Q11: 5282 | R11: 7813 | S11: 14701
P12: cash taxes | Q12: =+Q11/Q9 -> 0.10779812 | R12: =+R11/R9 -> 0.14307952 | S12: =+S11/S9 -> 0.16004572
B13: Other Value Determinants:
B15: Cash tax rate | C15: 0.165 | G15: PIE | H15: Low | I15: High | P15: Current assets | Q15: 152675 | R15: 174296 | S15: 188413
B16: Cost of capital | C16: 0.1 | F16: Operating margin | G16: 0.27 | H16: =+G16-2% -> 0.25 | I16: =+G16+2% -> 0.29 | P16: Cash | Q16: 18498 | R16: 26465 | S16: 20945
B17: Inflation | C17: 0.05 | F17: Estimated value | G17: 97.05 | H17: 89.018485 | I17: 105.09042 | P17: Current liabilities | Q17: 45221 | R17: 56834 | S17: 64254
F18: Upside / downside | H18: =+H17/G17-1 -> -0.08275647 | I18: =+I17/G17-1 -> 0.082848236 | P18: Current portion | Q18: 0 | R18: 0 | S18: 0
B19: Market Valuation Metrics: | P19: Working capital | Q19: =+(Q15-Q16)-Q17 -> 88956 | R19: =+(R15-R16)-R17 -> 90997 | S19: =+(S15-S16)-S17 -> 103214
P20: Incremental WC | R20: =+R19-Q19 -> 2041 | S20: =+S19-R19 -> 12217
B21: Share price | C21: 97 | R21: =+R20/R8 -> 0.12141582 | S21: =+S20/S8 -> 0.17733039
B22: Shares Outstanding | C22: 13097
B23: Market Value of Equity | C23: =C21*C22 -> 1270409 | P23: Fixed capital | Q23: 73646 | R23: 84749 | S23: 97599
P24: Incremental fixed | R24: =+R23-Q23 -> 11103 | S24: =+S23-R23 -> 12850
B25: Debt | C25: =14653+11984+2371 -> 29008 | R25: =+R24/R8 -> 0.6604997 | S25: =+S24/S8 -> 0.18651842
B27: Cash & marketable securities | C27: 21984
B30: Estimated value | C30: =+'Price Implied Expectations'!C34 -> 97.050762

Sheet Price Implied Expectations
B2: Price-Implied Expectations (PIE) Analysis
B4: Years in Future | C4: 0 | D4: =C4+1 -> 1 | E4: =D4+1 -> 2 | F4: =E4+1 -> 3 | G4: =F4+1 -> 4 | H4: =G4+1 -> 5 | I4: =H4+1 -> 6 | J4: =I4+1 -> 7 | K4: =J4+1 -> 8 | ... AB4: =AA4+1 -> 25
B5: Date | C5: 2021 | D5: =C5+1 -> 2022 | E5: =D5+1 -> 2023 | F5: =E5+1 -> 2024 | G5: =F5+1 -> 2025 | H5: =G5+1 -> 2026 | I5: =H5+1 -> 2027 | J5: =I5+1 -> 2028 | K5: =J5+1 -> 2029 | ... AB5: =AA5+1 -> 2046
B7: Sales | C7: =Inputs!C7 -> 257637 | D7: =$C$7*(1+Inputs!$C$6) -> 282756.61 | E7: =D7*(1+Inputs!$C$6) -> 310325.38 | F7: =E7*(1+Inputs!$C$6) -> 340582.1 | G7: =F7*(1+Inputs!$C$6) -> 373788.86 | H7: =G7*(1+Inputs!$C$6) -> 410233.27 | I7: =H7*(1+Inputs!$C$6) -> 450231.01 | J7: =I7*(1+Inputs!$C$6) -> 494128.54 | K7: =J7*(1+Inputs!$C$6) -> 542306.07 | L7: =K7*(1+Inputs!$C$6) -> 595180.91 | ... AB7: =AA7*(1+Inputs!$C$6) -> 2637068.8
B9: Operating profit | C9: =C7*Inputs!$C$9 -> 99630.978 | D9: =D7*Inputs!$C$8 -> 76344.284 | E9: =E7*Inputs!$C$8 -> 83787.852 | F9: =F7*Inputs!$C$8 -> 91957.167 | G9: =G7*Inputs!$C$8 -> 100922.99 | H9: =H7*Inputs!$C$8 -> 110762.98 | I9: =I7*Inputs!$C$8 -> 121562.37 | J9: =J7*Inputs!$C$8 -> 133414.7 | K9: =K7*Inputs!$C$8 -> 146422.64 | ... AB9: =AB7*Inputs!$C$8 -> 712008.57
B10: Less: Cash taxes on operating profit | C10: =C9*Inputs!$C$15 -> 16439.111 | D10: =D9*Inputs!$C$15 -> 12596.807 | E10: =E9*Inputs!$C$15 -> 13824.996 | F10: =F9*Inputs!$C$15 -> 15172.933 | G10: =G9*Inputs!$C$15 -> 16652.294 | H10: =H9*Inputs!$C$15 -> 18275.892 | I10: =I9*Inputs!$C$15 -> 20057.792 | J10: =J9*Inputs!$C$15 -> 22013.426 | ... AB10: =AB9*Inputs!$C$15 -> 117481.41
B11: Net operating profit after tax (NOPAT) | C11: =C9-C10 -> 83191.867 | D11: =D9-D10 -> 63747.477 | E11: =E9-E10 -> 69962.856 | F11: =F9-F10 -> 76784.235 | G11: =G9-G10 -> 84270.698 | H11: =H9-H10 -> 92487.091 | I11: =I9-I10 -> 101504.58 | J11: =J9-J10 -> 111401.28 | ... AB11: =AB9-AB10 -> 594527.16
B13: Incremental fixed capital investment | D13: =(D7-C7)*Inputs!$C$10 -> 2511.9607 | E13: =(E7-D7)*Inputs!$C$10 -> 2756.8769 | F13: =(F7-E7)*Inputs!$C$10 -> 3025.6724 | G13: =(G7-F7)*Inputs!$C$10 -> 3320.6755 | H13: =(H7-G7)*Inputs!$C$10 -> 3644.4413 | I13: =(I7-H7)*Inputs!$C$10 -> 3999.7744 | J13: =(J7-I7)*Inputs!$C$10 -> 4389.7524 | K13: =(K7-J7)*Inputs!$C$10 -> 4817.7532 | ... AB13: =(AB7-AA7)*Inputs!$C$10 -> 23427.262
B14: Incremental working capital investment | D14: =(D7-C7)*Inputs!$C$11 -> 3767.9411 | E14: =(E7-D7)*Inputs!$C$11 -> 4135.3154 | F14: =(F7-E7)*Inputs!$C$11 -> 4538.5086 | G14: =(G7-F7)*Inputs!$C$11 -> 4981.0132 | H14: =(H7-G7)*Inputs!$C$11 -> 5466.662 | I14: =(I7-H7)*Inputs!$C$11 -> 5999.6616 | J14: =(J7-I7)*Inputs!$C$11 -> 6584.6286 | K14: =(K7-J7)*Inputs!$C$11 -> 7226.6299 | ... AB14: =(AB7-AA7)*Inputs!$C$11 -> 35140.894
D15: =D13+D14 -> 6279.9019 | E15: =E13+E14 -> 6892.1923 | F15: =F13+F14 -> 7564.1811 | G15: =G13+G14 -> 8301.6887 | H15: =H13+H14 -> 9111.1034 | I15: =I13+I14 -> 9999.4359 | J15: =J13+J14 -> 10974.381 | K15: =K13+K14 -> 12044.383 | ... AB15: =AB13+AB14 -> 58568.156
B17: Free cash flow | D17: =D11-D15 -> 57467.575 | E17: =E11-E15 -> 63070.664 | F17: =F11-F15 -> 69220.054 | G17: =G11-G15 -> 75969.009 | H17: =H11-H15 -> 83375.987 | I17: =I11-I15 -> 91505.146 | J17: =J11-J15 -> 100426.9 | K17: =K11-K15 -> 110218.52 | ... AB17: =AB11-AB15 -> 535959
B18: Present value of free cash flow | D18: =D17/((1+Inputs!$C$16)^D4) -> 52243.25 | E18: =E17/((1+Inputs!$C$16)^E4) -> 52124.516 | F18: =F17/((1+Inputs!$C$16)^F4) -> 52006.051 | G18: =G17/((1+Inputs!$C$16)^G4) -> 51887.855 | H18: =H17/((1+Inputs!$C$16)^H4) -> 51769.928 | I18: =I17/((1+Inputs!$C$16)^I4) -> 51652.269 | J18: =J17/((1+Inputs!$C$16)^J4) -> 51534.878 | K18: =K17/((1+Inputs!$C$16)^K4) -> 51417.753 | ... AB18: =AB17/((1+Inputs!$C$16)^AB4) -> 49466.871
B19: Cumulative present value of free cash flow | D19: =D18 -> 52243.25 | E19: =E18+D19 -> 104367.77 | F19: =F18+E19 -> 156373.82 | G19: =G18+F19 -> 208261.67 | H19: =H18+G19 -> 260031.6 | I19: =I18+H19 -> 311683.87 | J19: =J18+I19 -> 363218.75 | K19: =K18+J19 -> 414636.5 | L19: =L18+K19 -> 465937.4 | ... AB19: =AB18+AA19 -> 1271073.8
B20: Present value of residual value | D20: =((D11*(1+Inputs!$C$17))/(Inputs!$C$16-Inputs!$C$17))/((1+Inputs!$C$16)^D4) -> 1216997.3 | E20: =((E11*(1+Inputs!$C$17))/(Inputs!$C$16-Inputs!$C$17))/((1+Inputs!$C$16)^E4) -> 1214231.4 | F20: =((F11*(1+Inputs!$C$17))/(Inputs!$C$16-Inputs!$C$17))/((1+Inputs!$C$16)^F4) -> 1211471.8 | G20: =((G11*(1+Inputs!$C$17))/(Inputs!$C$16-Inputs!$C$17))/((1+Inputs!$C$16)^G4) -> 1208718.4 | H20: =((H11*(1+Inputs!$C$17))/(Inputs!$C$16-Inputs!$C$17))/((1+Inputs!$C$16)^H4) -> 1205971.3 | I20: =((I11*(1+Inputs!$C$17))/(Inputs!$C$16-Inputs!$C$17))/((1+Inputs!$C$16)^I4) -> 1203230.5 | J20: =((J11*(1+Inputs!$C$17))/(Inputs!$C$16-Inputs!$C$17))/((1+Inputs!$C$16)^J4) -> 1200495.9 | K20: =((K11*(1+Inputs!$C$17))/(Inputs!$C$16-Inputs!$C$17))/((1+Inputs!$C$16)^K4) -> 1197767.5 | ... AB20: =((AB11*(1+Inputs!$C$17))/(Inputs!$C$16-Inputs!$C$17))/((1+Inputs!$C$16)^AB4) -> 1152322
B22: Corporate value | D22: =D20+D19 -> 1269240.5 | E22: =E20+E19 -> 1318599.2 | F22: =F20+F19 -> 1367845.6 | G22: =G20+G19 -> 1416980.1 | H22: =H20+H19 -> 1466002.9 | I22: =I20+I19 -> 1514914.4 | J22: =J20+J19 -> 1563714.6 | K22: =K20+K19 -> 1612404 | ... AB22: =AB20+AB19 -> 2423395.9
B23: Add: Non-operating assets | D23: =Inputs!$C$27 -> 21984 | E23: =Inputs!$C$27 -> 21984 | F23: =Inputs!$C$27 -> 21984 | G23: =Inputs!$C$27 -> 21984 | H23: =Inputs!$C$27 -> 21984 | I23: =Inputs!$C$27 -> 21984 | J23: =Inputs!$C$27 -> 21984 | K23: =Inputs!$C$27 -> 21984 | ... AB23: =Inputs!$C$27 -> 21984
B24: Less: Debt & Other Liabilities | D24: =Inputs!$C$25 -> 29008 | E24: =Inputs!$C$25 -> 29008 | F24: =Inputs!$C$25 -> 29008 | G24: =Inputs!$C$25 -> 29008 | H24: =Inputs!$C$25 -> 29008 | I24: =Inputs!$C$25 -> 29008 | J24: =Inputs!$C$25 -> 29008 | K24: =Inputs!$C$25 -> 29008 | ... AB24: =Inputs!$C$25 -> 29008
B26: Shareholder value | D26: =D22+D23-D24 -> 1262216.5 | E26: =E22+E23-E24 -> 1311575.2 | F26: =F22+F23-F24 -> 1360821.6 | G26: =G22+G23-G24 -> 1409956.1 | H26: =H22+H23-H24 -> 1458978.9 | I26: =I22+I23-I24 -> 1507890.4 | J26: =J22+J23-J24 -> 1556690.6 | K26: =K22+K23-K24 -> 1605380 | ... AB26: =AB22+AB23-AB24 -> 2416371.9
B27: Shareholder value per share | D27: =D26/Inputs!$C$22 -> 96.374478 | E27: =E26/Inputs!$C$22 -> 100.14317 | F27: =F26/Inputs!$C$22 -> 103.90331 | G27: =G26/Inputs!$C$22 -> 107.65489 | H27: =H26/Inputs!$C$22 -> 111.39795 | I27: =I26/Inputs!$C$22 -> 115.1325 | J27: =J26/Inputs!$C$22 -> 118.85857 | K27: =K26/Inputs!$C$22 -> 122.57616 | ... AB27: =AB26/Inputs!$C$22 -> 184.49812
B29: Value of sales index | D29: =#REF!/(D7-C7) -> #REF! | E29: =#REF!/(E7-D7) -> #REF! | F29: =#REF!/(F7-E7) -> #REF! | G29: =#REF!/(G7-F7) -> #REF! | H29: =#REF!/(H7-G7) -> #REF! | I29: =#REF!/(I7-H7) -> #REF! | J29: =#REF!/(J7-I7) -> #REF! | K29: =#REF!/(K7-J7) -> #REF! | ... AB29: =#REF!/(AB7-AA7) -> #REF!
B30: Threshold margin | D30: =(((C9/C7)*(1+Inputs!$C$17))/(1+Inputs!$C$6))+((Inputs!$C$6*(Inputs!$C$10+Inputs!$C$11)*(Inputs!$C$16-Inputs!$C$17))/((1+Inputs!$C$6)*(1-Inputs!$C$15)*(1+Inputs!$C$16))) -> 0.37118278 | E30: =(((D9/D7)*(1+Inputs!$C$17))/(1+Inputs!$C$6))+((Inputs!$C$6*(Inputs!$C$10+Inputs!$C$11)*(Inputs!$C$16-Inputs!$C$17))/((1+Inputs!$C$6)*(1-Inputs!$C$15)*(1+Inputs!$C$16))) -> 0.25952336 | F30: =(((E9/E7)*(1+Inputs!$C$17))/(1+Inputs!$C$6))+((Inputs!$C$6*(Inputs!$C$10+Inputs!$C$11)*(Inputs!$C$16-Inputs!$C$17))/((1+Inputs!$C$6)*(1-Inputs!$C$15)*(1+Inputs!$C$16))) -> 0.25952336 | G30: =(((F9/F7)*(1+Inputs!$C$17))/(1+Inputs!$C$6))+((Inputs!$C$6*(Inputs!$C$10+Inputs!$C$11)*(Inputs!$C$16-Inputs!$C$17))/((1+Inputs!$C$6)*(1-Inputs!$C$15)*(1+Inputs!$C$16))) -> 0.25952336 | H30: =(((G9/G7)*(1+Inputs!$C$17))/(1+Inputs!$C$6))+((Inputs!$C$6*(Inputs!$C$10+Inputs!$C$11)*(Inputs!$C$16-Inputs!$C$17))/((1+Inputs!$C$6)*(1-Inputs!$C$15)*(1+Inputs!$C$16))) -> 0.25952336 | I30: =(((H9/H7)*(1+Inputs!$C$17))/(1+Inputs!$C$6))+((Inputs!$C$6*(Inputs!$C$10+Inputs!$C$11)*(Inputs!$C$16-Inputs!$C$17))/((1+Inputs!$C$6)*(1-Inputs!$C$15)*(1+Inputs!$C$16))) -> 0.25952336 | J30: =(((I9/I7)*(1+Inputs!$C$17))/(1+Inputs!$C$6))+((Inputs!$C$6*(Inputs!$C$10+Inputs!$C$11)*(Inputs!$C$16-Inputs!$C$17))/((1+Inputs!$C$6)*(1-Inputs!$C$15)*(1+Inputs!$C$16))) -> 0.25952336 | K30: =(((J9/J7)*(1+Inputs!$C$17))/(1+Inputs!$C$6))+((Inputs!$C$6*(Inputs!$C$10+Inputs!$C$11)*(Inputs!$C$16-Inputs!$C$17))/((1+Inputs!$C$6)*(1-Inputs!$C$15)*(1+Inputs!$C$16))) -> 0.25952336 | ... AB30: =(((AA9/AA7)*(1+Inputs!$C$17))/(1+Inputs!$C$6))+((Inputs!$C$6*(Inputs!$C$10+Inputs!$C$11)*(Inputs!$C$16-Inputs!$C$17))/((1+Inputs!$C$6)*(1-Inputs!$C$15)*(1+Inputs!$C$16))) -> 0.25952336
B31: Market-Implied Forecast Period | C31: =IF(Inputs!C21>AB27,"25+",IF(Inputs!C21<D27,"<1",LOOKUP(Inputs!C21,D27:AB27,D4:AB4))) -> 1
B32: =IF(C31="25+", "% of Stock Price Explained by 25 Year Forecast Period with Perpetuity", "")
C33: =IF(C31="25+",AB27/Inputs!C21,"")
B34: Estimated value per share | C34: =+AB19/Inputs!C22 -> 97.050762

Sheet Financials
O1: 1000000
A4: ANNUAL INCOME :
A5: fiscal_year | F5: =+G5-1 -> 2005 | G5: =+H5-1 -> 2006 | H5: =+I5-1 -> 2007 | I5: =+J5-1 -> 2008 | J5: =+K5-1 -> 2009 | K5: =+L5-1 -> 2010 | L5: =+M5-1 -> 2011 | M5: 2012 | N5: 2013 | O5: 2014 | P5: 2015 | Q5: 2016 | R5: 2017 | S5: 2018 | T5: 2019 | U5: 2020 | V5: 2021 | W5: TTM
A6: OperatingRevenue | M6: 0 | N6: 0 | O6: 0 | P6: 0 | Q6: 0 | R6: 0 | S6: 0 | T6: 0 | U6: 0 | V6: 0 | W6: 0
A7: OtherRevenue | M7: 46039 | N7: 55519 | O7: 66001 | P7: 74989 | Q7: 90272 | R7: 110855 | S7: 136819 | T7: 161857 | U7: 182527 | V7: 257637 | W7: 278139
A8: TotalRevenue | F8: 6138.56 | G8: 10604.917 | H8: 16593.986 | I8: 21795.55 | J8: 23650.563 | K8: 29321 | L8: 37905 | M8: 46039 | N8: 55519 | O8: 66001 | P8: 74989 | Q8: 90272 | R8: 110855 | S8: 136819 | T8: 161857 | U8: 182527 | V8: 257637 | W8: 278139
G9: =+G8/F8-1 -> 0.72759035 | H9: =+H8/G8-1 -> 0.56474454 | I9: =+I8/H8-1 -> 0.31346079 | J9: =+J8/I8-1 -> 0.085109713 | K9: =+K8/J8-1 -> 0.23975907 | L9: =+L8/K8-1 -> 0.29275946 | M9: =+M8/L8-1 -> 0.2145891 | N9: =+N8/M8-1 -> 0.20591238 | ... V9: =+V8/U8-1 -> 0.41150076
G10: =+MEDIAN($G$9:$V$9) -> 0.2213 | H10: =+MEDIAN($G$9:$V$9) -> 0.2213 | I10: =+MEDIAN($G$9:$V$9) -> 0.2213 | J10: =+MEDIAN($G$9:$V$9) -> 0.2213 | K10: =+MEDIAN($G$9:$V$9) -> 0.2213 | L10: =+MEDIAN($G$9:$V$9) -> 0.2213 | M10: =+MEDIAN($G$9:$V$9) -> 0.2213 | N10: =+MEDIAN($G$9:$V$9) -> 0.2213 | ... V10: =+MEDIAN($G$9:$V$9) -> 0.2213
A11: CostofRevenue | M11: 17176 | N11: 21993 | O11: 25691 | P11: 28164 | Q11: 35138 | R11: 45583 | S11: 59549 | T11: 71896 | U11: 84732 | V11: 110939 | W11: 120312
A12: GrossProfit | M12: 28863 | N12: 33526 | O12: 40310 | P12: 46825 | Q12: 55134 | R12: 65272 | S12: 77270 | T12: 89961 | U12: 97795 | V12: 146698 | W12: 157827
A13: SalesMarketingExpense | M13: 5465 | N13: 6554 | O13: 8131 | P13: 9047 | Q13: 10485 | R13: 12893 | S13: 16333 | T13: 18464 | U13: 17946 | V13: 22912 | W13: 25575
A14: LaborExpense | M14: 0 | N14: 0 | O14: 0 | P14: 0 | Q14: 0 | R14: 0 | S14: 0 | T14: 0 | U14: 0 | V14: 0 | W14: 0
A15: OtherGeneralAdministrativeExpense | M15: 3481 | N15: 4432 | O15: 5851 | P15: 6136 | Q15: 6985 | R15: 6840 | S15: 6923 | T15: 9551 | U15: 11052 | V15: 13510 | W15: 14427
A16: GeneralAdministrativeExpense | M16: 3481 | N16: 4432 | O16: 5851 | P16: 6136 | Q16: 6985 | R16: 6840 | S16: 6923 | T16: 9551 | U16: 11052 | V16: 13510 | W16: 14427
A17: OtherSellingGeneralAdministrativeExpenses | M17: 0 | N17: 0 | O17: 0 | P17: 0 | Q17: 0 | R17: 0 | S17: 0 | T17: 0 | U17: 0 | V17: 0 | W17: 0
A18: SellingGeneralAdministrativeExpenses | M18: 8946 | N18: 10986 | O18: 13982 | P18: 15183 | Q18: 17470 | R18: 19733 | S18: 23256 | T18: 28015 | U18: 28998 | V18: 36422 | W18: 40002
A19: ResearchDevelopmentExpense | M19: 6083 | N19: 7137 | O19: 9832 | P19: 12282 | Q19: 13948 | R19: 16625 | S19: 21419 | T19: 26018 | U19: 27573 | V19: 31562 | W19: 35362
A20: RestructuringRemediationImpairmentProvisions | M20: 0 | N20: 0 | O20: 0 | P20: 0 | Q20: 0 | R20: 0 | S20: 0 | T20: 0 | U20: 0 | V20: 0 | W20: 0
A21: DepreciationExpense | M21: 0 | N21: 0 | O21: 0 | P21: 0 | Q21: 0 | R21: 0 | S21: 0 | T21: 0 | U21: 0 | V21: 0 | W21: 0
A22: AmortizationExpense | M22: 0 | N22: 0 | O22: 0 | P22: 0 | Q22: 0 | R22: 0 | S22: 0 | T22: 0 | U22: 0 | V22: 0 | W22: 0
... A27: CFDepreciationAmortization | M27: 2962 | N27: 3939 | O27: 4979 | P27: 5063 | Q27: 6144 | R27: 6915 | S27: 9035 | T27: 11781 | U27: 13697 | V27: 12441 | W27: 14424
A28: EBIT | F28: 2017.278 | G28: 3549.996 | H28: 5084.4 | I28: 6631.969 | J28: 8312 | K28: 10381 | L28: 11742 | M28: 13834 | N28: 15403 | O28: 16496 | P28: 19360 | Q28: 23716 | R28: 26178 | S28: 27524 | T28: 34231 | U28: 41224 | V28: 78714 | W28: 82463
F29: =+F28/F8 -> 0.32862398 | G29: =+G28/G8 -> 0.33475 | H29: =+H28/H8 -> 0.30640016 | I29: =+I28/I8 -> 0.30428087 | J29: =+J28/J8 -> 0.35145041 | K29: =+K28/K8 -> 0.35404659 | L29: =+L28/L8 -> 0.30977444 | M29: =+M28/M8 -> 0.30048437 | ... W29: =+W28/W8 -> 0.29648126
F30: =+MEDIAN($F$29:$V$29) -> 0.30048437 | G30: =+MEDIAN($F$29:$V$29) -> 0.30048437 | H30: =+MEDIAN($F$29:$V$29) -> 0.30048437 | I30: =+MEDIAN($F$29:$V$29) -> 0.30048437 | J30: =+MEDIAN($F$29:$V$29) -> 0.30048437 | K30: =+MEDIAN($F$29:$V$29) -> 0.30048437 | L30: =+MEDIAN($F$29:$V$29) -> 0.30048437 | M30: =+MEDIAN($F$29:$V$29) -> 0.30048437 | ... V30: =+MEDIAN($F$29:$V$29) -> 0.30048437
A31: InterestExpense | M31: -85 | N31: -81 | O31: -101 | P31: -104 | Q31: -124 | R31: -109 | S31: -114 | T31: -100 | U31: -135 | V31: -346 | W31: -360
A32: InterestIncome | M32: 700 | N32: 766 | O32: 746 | P32: 999 | Q32: 1220 | R32: 1312 | S32: 1878 | T32: 2427 | U32: 1865 | V32: 1499 | W32: 1665
A33: OtherInterestIncomeExpenseNet | M33: 635 | N33: 0 | O33: 0 | P33: 0 | Q33: 0 | R33: 0 | S33: 0 | T33: 0 | U33: 0 | V33: 0 | W33: 0
A34: NonoperatingGainsLosses | F34: 1000 | M34: 0 | N34: 0 | O34: 0 | P34: 0 | Q34: 0 | R34: 0 | S34: 0 | T34: 0 | U34: 0 | V34: 0 | W34: 0
A35: OtherNonoperatingIncomeExpense | M35: 0 | N35: 496 | O35: 763 | P35: 291 | Q35: 434 | R35: 1015 | S35: 7389 | T35: 5394 | U35: 6858 | V35: 12020 | W35: 2951
A36: TotalNonoperatingIncomeExpense | M36: 635 | N36: 496 | O36: 763 | P36: 291 | Q36: 434 | R36: 1015 | S36: 7389 | T36: 5394 | U36: 6858 | V36: 12020 | W36: 2951
A37: IncomeBeforeTaxes | M37: 14469 | N37: 15899 | O37: 17259 | P37: 19651 | Q37: 24150 | R37: 27193 | S37: 34913 | T37: 39625 | U37: 48082 | V37: 90734 | W37: 85414
A38: IncomeTaxes | M38: 2916 | N38: 2739 | O38: 3639 | P38: 3303 | Q38: 4672 | R38: 14531 | S38: 4177 | T38: 5282 | U38: 7813 | V38: 14701 | W38: 13398
A39: IncomeAfterTaxes | M39: 11553 | N39: 13160 | O39: 13620 | P39: 16348 | Q39: 19478 | R39: 12662 | S39: 30736 | T39: 34343 | U39: 40269 | V39: 76033 | W39: 72016
A40: NoncontrollingInterest | M40: 0 | N40: 0 | O40: 0 | P40: 0 | Q40: 0 | R40: 0 | S40: 0 | T40: 0 | U40: 0 | V40: 0 | W40: 0
A41: EquityEarnings | M41: 0 | N41: 0 | O41: 0 | P41: 0 | Q41: 0 | R41: 0 | S41: 0 | T41: 0 | U41: 0 | V41: 0 | W41: 0
A42: MinorityInterestEquityEarnings | M42: 0 | N42: 0 | O42: 0 | P42: 0 | Q42: 0 | R42: 0 | S42: 0 | T42: 0 | U42: 0 | V42: 0 | W42: 0
A43: IncomebeforeExtraordinaryItems | M43: 11553 | N43: 13160 | O43: 13620 | P43: 16348 | Q43: 19478 | R43: 12662 | S43: 30736 | T43: 34343 | U43: 40269 | V43: 76033 | W43: 72016
A44: ExtraordinaryItems | M44: 0 | N44: 0 | O44: 0 | P44: 0 | Q44: 0 | R44: 0 | S44: 0 | T44: 0 | U44: 0 | V44: 0 | W44: 0
A45: AccountingChange | M45: 0 | N45: 0 | O45: 0 | P45: 0 | Q45: 0 | R45: 0 | S45: 0 | T45: 0 | U45: 0 | V45: 0 | W45: 0
A46: NetIncomefromContinuingOperationsApplicabletoCommon | M46: 11553 | N46: 13160 | O46: 13620 | P46: 15826 | Q46: 19478 | R46: 12662 | S46: 30736 | T46: 34343 | U46: 40269 | V46: 76033 | W46: 72016
... A55: SharesOutstandingDiluted | M55: 13292201000 | N55: 13552361000 | O55: 13741401000 | P55: 13858601000 | Q55: 13974121000 | R55: 14071681000 | S55: 14065700000 | T55: 13971120000 | U55: 13740560000 | V55: 13553480000 | W55: 14126000000
A59: ANNUAL BALANCE :
A60: fiscal_year | M60: 2012 | N60: 2013 | O60: 2014 | P60: 2015 | Q60: 2016 | R60: 2017 | S60: 2018 | T60: 2019 | U60: 2020 | V60: 2021 | W60: TTM
A61: CashandCashEquivalents | M61: 14778000000 | N61: 18898000000 | O61: 18347000000 | P61: 16549000000 | Q61: 12918000000 | R61: 10715000000 | S61: 16701000000 | T61: 18498000000 | U61: 26465000000 | V61: 20945000000 | W61: 17936000000
A62: RestrictedCash | M62: 0 | N62: 0 | O62: 0 | P62: 0 | Q62: 0 | R62: 0 | S62: 0 | T62: 0 | U62: 0 | V62: 0 | W62: 0
A63: ShorttermInvestments | M63: 33310000000 | N63: 39819000000 | O63: 46048000000 | P63: 56517000000 | Q63: 73415000000 | R63: 91156000000 | S63: 92439000000 | T63: 101177000000 | U63: 110229000000 | V63: 118704000000 | W63: 107061000000
A64: CashCashEquivalentsandShorttermInvestments | M64: 48088000000 | N64: 58717000000 | O64: 64395000000 | P64: 73066000000 | Q64: 86333000000 | R64: 101871000000 | S64: 109140000000 | T64: 119675000000 | U64: 136694000000 | V64: 139649000000 | W64: 124997000000
A65: AccountsReceivableTradeNet | M65: 7885000000 | N65: 8882000000 | O65: 9383000000 | P65: 11556000000 | Q65: 14137000000 | R65: 18336000000 | S65: 20838000000 | T65: 25326000000 | U65: 30930000000 | V65: 39304000000 | W65: 35707000000
A66: AccountsNotesReceivableNet | M66: 7885000000 | N66: 8882000000 | O66: 9383000000 | P66: 11556000000 | Q66: 14137000000 | R66: 18336000000 | S66: 20838000000 | T66: 25326000000 | U66: 30930000000 | V66: 39304000000 | W66: 35707000000
A67: OtherReceivables | M67: 700000000 | N67: 508000000 | O67: 1466000000 | P67: 2353000000 | Q67: 95000000 | R67: 369000000 | S67: 355000000 | T67: 2166000000 | U67: 454000000 | V67: 966000000 | W67: 1366000000
A68: TotalReceivablesNet | M68: 8585000000 | N68: 9390000000 | O68: 10849000000 | P68: 13909000000 | Q68: 14232000000 | R68: 18705000000 | S68: 21193000000 | T68: 27492000000 | U68: 31384000000 | V68: 40270000000 | W68: 37073000000
A69: InventoriesNet | M69: 505000000 | N69: 0 | O69: 0 | P69: 491000000 | Q69: 268000000 | R69: 749000000 | S69: 1107000000 | T69: 999000000 | U69: 728000000 | V69: 1170000000 | W69: 1980000000
A70: PrepaidExpenses | M70: 2132000000 | N70: 3253000000 | O70: 3412000000 | P70: 2648000000 | Q70: 0 | R70: 0 | S70: 0 | T70: 0 | U70: 0 | V70: 0 | W70: 0
A71: DeferredIncomeTaxesCurrent | M71: 1144000000 | N71: 1526000000 | O71: 0 | P71: 0 | Q71: 0 | R71: 0 | S71: 0 | T71: 0 | U71: 0 | V71: 0 | W71: 0
A72: OtherCurrentAssets | M72: 0 | N72: 0 | O72: 0 | P72: 0 | Q72: 4575000000 | R72: 2983000000 | S72: 4236000000 | T72: 4412000000 | U72: 5490000000 | V72: 7054000000 | W72: 8321000000
... A128: LiabilitiesStockholdersEquity | M128: 93798000000 | N128: 110920000000 | O128: 129187000000 | P128: 147461000000 | Q128: 167497000000 | R128: 197295000000 | S128: 232792000000 | T128: 275909000000 | U128: 319616000000 | V128: 359268000000 | W128: 355185000000
A132: ANNUAL CASH FLOW :
A133: fiscal_year | M133: 2012 | N133: 2013 | O133: 2014 | P133: 2015 | Q133: 2016 | R133: 2017 | S133: 2018 | T133: 2019 | U133: 2020 | V133: 2021 | W133: TTM
A134: CFNetIncome | M134: 10737000000 | N134: 12733000000 | O134: 14136000000 | P134: 16348000000 | Q134: 19478000000 | R134: 12662000000 | S134: 30736000000 | T134: 34343000000 | U134: 40269000000 | V134: 76033000000 | W134: 72016000000
A135: CFDepreciationAmortization | M135: 2962000000 | N135: 3939000000 | O135: 4979000000 | P135: 5063000000 | Q135: 6144000000 | R135: 6915000000 | S135: 9035000000 | T135: 11781000000 | U135: 13697000000 | V135: 12441000000 | W135: 14424000000
A136: EmployeeCompensation | M136: 2692000000 | N136: 3343000000 | O136: 4279000000 | P136: 5203000000 | Q136: 6703000000 | R136: 7679000000 | S136: 9353000000 | T136: 10794000000 | U136: 12991000000 | V136: 15376000000 | W136: 17114000000
A137: StockOptionTaxBenefits | M137: -188000000 | N137: -481000000 | O137: 0 | P137: 0 | Q137: 0 | R137: 0 | S137: 0 | T137: 0 | U137: 0 | V137: 0 | W137: 0
A138: AdjustmentforSpecialCharges | M138: 0 | N138: 0 | O138: 0 | P138: 0 | Q138: 0 | R138: 0 | S138: 0 | T138: 0 | U138: 0 | V138: 0 | W138: 0
A139: DeferredIncomeTaxes | M139: -266000000 | N139: -437000000 | O139: -104000000 | P139: -179000000 | Q139: -38000000 | R139: 258000000 | S139: 778000000 | T139: 173000000 | U139: 1390000000 | V139: 1808000000 | W139: -3908000000
A140: RealizedGainsLosses | M140: 0 | N140: -166000000 | O140: -390000000 | P140: 334000000 | Q140: 73000000 | R140: 37000000 | S140: -6650000000 | T140: -2798000000 | U140: -6317000000 | V140: -12270000000 | W140: -2158000000
A141: AdjustmentforMinorityInterest | M141: 0 | N141: 0 | O141: 0 | P141: 0 | Q141: 0 | R141: 0 | S141: 0 | T141: 0 | U141: 0 | V141: 0 | W141: 0
A142: AdjustmentforEquityEarnings | M142: 0 | N142: 0 | O142: 0 | P142: 0 | Q142: 0 | R142: 0 | S142: 0 | T142: 0 | U142: 0 | V142: 0 | W142: 0
A143: OtherAdjustments | M143: -216000000 | N143: -428000000 | O143: -548000000 | P143: 212000000 | Q143: 376000000 | R143: 294000000 | S143: -189000000 | T143: -592000000 | U143: 1267000000 | V143: -213000000 | W143: 252000000
A144: TotalNoncashAdjustments | M144: 4984000000 | N144: 5770000000 | O144: 8216000000 | P144: 10633000000 | Q144: 13258000000 | R144: 15183000000 | S144: 12327000000 | T144: 19358000000 | U144: 23028000000 | V144: 17142000000 | W144: 25724000000
A145: ChangeinAccountsReceivable | M145: -787000000 | N145: -1307000000 | O145: -1641000000 | P145: -2094000000 | Q145: -2578000000 | R145: -3768000000 | S145: -2169000000 | T145: -4340000000 | U145: -6524000000 | V145: -9095000000 | W145: -5833000000
... A193: TotalRevenue | M193: 46039000000 | N193: 55519000000 | O193: 66001000000 | P193: 74989000000 | Q193: 90272000000 | R193: 110855000000 | S193: 136819000000 | T193: 161857000000 | U193: 182527000000 | V193: 257637000000 | W193: 278139000000
A197: QUARTERLY INCOME :
A198: fiscal_quarter | M198: 2018Q3 | N198: 2018Q4 | O198: 2019Q1 | P198: 2019Q2 | Q198: 2019Q3 | R198: 2019Q4 | S198: 2020Q1 | T198: 2020Q2 | U198: 2020Q3 | V198: 2020Q4 | W198: 2021Q1 | X198: 2021Q2 | Y198: 2021Q3 | Z198: 2021Q4 | AA198: 2022Q1 | AB198: 2022Q2 | AC198: TTM
A199: OperatingRevenue | M199: 0 | N199: 0 | O199: 0 | P199: 0 | Q199: 0 | R199: 0 | S199: 0 | T199: 0 | U199: 0 | V199: 0 | W199: 0 | X199: 0 | Y199: 0 | Z199: 0 | AA199: 0 | AB199: 0 | AC199: 0
A200: OtherRevenue | M200: 33740000000 | N200: 39276000000 | O200: 36339000000 | P200: 38944000000 | Q200: 40499000000 | R200: 46075000000 | S200: 41159000000 | T200: 38297000000 | U200: 46173000000 | V200: 56898000000 | W200: 55314000000 | X200: 61880000000 | Y200: 65118000000 | Z200: 75325000000 | AA200: 68011000000 | AB200: 69685000000 | AC200: 278139000000
A201: TotalRevenue | M201: 33740000000 | N201: 39276000000 | O201: 36339000000 | P201: 38944000000 | Q201: 40499000000 | R201: 46075000000 | S201: 41159000000 | T201: 38297000000 | U201: 46173000000 | V201: 56898000000 | W201: 55314000000 | X201: 61880000000 | Y201: 65118000000 | Z201: 75325000000 | AA201: 68011000000 | AB201: 69685000000 | AC201: 278139000000
A202: CostofRevenue | M202: 14281000000 | N202: 17918000000 | O202: 16012000000 | P202: 17296000000 | Q202: 17568000000 | R202: 21020000000 | S202: 18982000000 | T202: 18553000000 | U202: 21117000000 | V202: 26080000000 | W202: 24103000000 | X202: 26227000000 | Y202: 27621000000 | Z202: 32988000000 | AA202: 29599000000 | AB202: 30104000000 | AC202: 120312000000
A203: GrossProfit | M203: 19459000000 | N203: 21358000000 | O203: 20327000000 | P203: 21648000000 | Q203: 22931000000 | R203: 25055000000 | S203: 22177000000 | T203: 19744000000 | U203: 25056000000 | V203: 30818000000 | W203: 31211000000 | X203: 35653000000 | Y203: 37497000000 | Z203: 42337000000 | AA203: 38412000000 | AB203: 39581000000 | AC203: 157827000000
A204: SalesMarketingExpense | M204: 3849000000 | N204: 5100000000 | O204: 3905000000 | P204: 4212000000 | Q204: 4609000000 | R204: 5738000000 | S204: 4500000000 | T204: 3901000000 | U204: 4231000000 | V204: 5314000000 | W204: 4516000000 | X204: 5276000000 | Y204: 5516000000 | Z204: 7604000000 | AA204: 5825000000 | AB204: 6630000000 | AC204: 25575000000
A205: LaborExpense | M205: 0 | N205: 0 | O205: 0 | P205: 0 | Q205: 0 | R205: 0 | S205: 0 | T205: 0 | U205: 0 | V205: 0 | W205: 0 | X205: 0 | Y205: 0 | Z205: 0 | AA205: 0 | AB205: 0 | AC205: 0
A206: OtherGeneralAdministrativeExpense | M206: 1753000000 | N206: 2003000000 | O206: 2088000000 | P206: 2043000000 | Q206: 2591000000 | R206: 2829000000 | S206: 2880000000 | T206: 2585000000 | U206: 2756000000 | V206: 2831000000 | W206: 2773000000 | X206: 3341000000 | Y206: 3256000000 | Z206: 4140000000 | AA206: 3374000000 | AB206: 3657000000 | AC206: 14427000000
A207: GeneralAdministrativeExpense | M207: 1753000000 | N207: 2003000000 | O207: 2088000000 | P207: 2043000000 | Q207: 2591000000 | R207: 2829000000 | S207: 2880000000 | T207: 2585000000 | U207: 2756000000 | V207: 2831000000 | W207: 2773000000 | X207: 3341000000 | Y207: 3256000000 | Z207: 4140000000 | AA207: 3374000000 | AB207: 3657000000 | AC207: 14427000000
A208: OtherSellingGeneralAdministrativeExpenses | M208: 0 | N208: 0 | O208: 0 | P208: 0 | Q208: 0 | R208: 0 | S208: 0 | T208: 0 | U208: 0 | V208: 0 | W208: 0 | X208: 0 | Y208: 0 | Z208: 0 | AA208: 0 | AB208: 0 | AC208: 0
A209: SellingGeneralAdministrativeExpenses | M209: 5602000000 | N209: 7103000000 | O209: 5993000000 | P209: 6255000000 | Q209: 7200000000 | R209: 8567000000 | S209: 7380000000 | T209: 6486000000 | U209: 6987000000 | V209: 8145000000 | W209: 7289000000 | X209: 8617000000 | Y209: 8772000000 | Z209: 11744000000 | AA209: 9199000000 | AB209: 10287000000 | AC209: 40002000000
A210: ResearchDevelopmentExpense | M210: 5232000000 | N210: 6034000000 | O210: 6029000000 | P210: 6213000000 | Q210: 6554000000 | R210: 7222000000 | S210: 6820000000 | T210: 6875000000 | U210: 6856000000 | V210: 7022000000 | W210: 7485000000 | X210: 7675000000 | Y210: 7694000000 | Z210: 8708000000 | AA210: 9119000000 | AB210: 9841000000 | AC210: 35362000000
... A244: SharesOutstandingDiluted | M244: 14077181000 | N244: 14017998000 | O244: 14017581000 | P244: 13999081000 | Q244: 13963981000 | R244: 13903858000 | S244: 13845340000 | T244: 13740480000 | U244: 13717020000 | V244: 13659380000 | W244: 13641420000 | X244: 13592000000 | Y244: 13530380000 | Z244: 13449860000 | AA244: 13351020000 | AB244: 14126000000 | AC244: 14126000000
A248: QUARTERLY BALANCE :
A249: fiscal_quarter | M249: 2018Q3 | N249: 2018Q4 | O249: 2019Q1 | P249: 2019Q2 | Q249: 2019Q3 | R249: 2019Q4 | S249: 2020Q1 | T249: 2020Q2 | U249: 2020Q3 | V249: 2020Q4 | W249: 2021Q1 | X249: 2021Q2 | Y249: 2021Q3 | Z249: 2021Q4 | AA249: 2022Q1 | AB249: 2022Q2 | AC249: TTM
A250: CashandCashEquivalents | M250: 13443000000 | N250: 16701000000 | O250: 19148000000 | P250: 16587000000 | Q250: 16032000000 | R250: 18498000000 | S250: 19644000000 | T250: 17742000000 | U250: 20129000000 | V250: 26465000000 | W250: 26622000000 | X250: 23630000000 | Y250: 23719000000 | Z250: 20945000000 | AA250: 20886000000 | AB250: 17936000000 | AC250: 17936000000
A251: RestrictedCash | M251: 0 | N251: 0 | O251: 0 | P251: 0 | Q251: 0 | R251: 0 | S251: 0 | T251: 0 | U251: 0 | V251: 0 | W251: 0 | X251: 0 | Y251: 0 | Z251: 0 | AA251: 0 | AB251: 0 | AC251: 0
A252: ShorttermInvestments | M252: 92973000000 | N252: 92439000000 | O252: 94340000000 | P252: 104469000000 | Q252: 105145000000 | R252: 101177000000 | S252: 97585000000 | T252: 103338000000 | U252: 112467000000 | V252: 110229000000 | W252: 108482000000 | X252: 112233000000 | Y252: 118284000000 | Z252: 118704000000 | AA252: 113084000000 | AB252: 107061000000 | AC252: 107061000000
A253: CashCashEquivalentsandShorttermInvestments | M253: 106416000000 | N253: 109140000000 | O253: 113488000000 | P253: 121056000000 | Q253: 121177000000 | R253: 119675000000 | S253: 117229000000 | T253: 121080000000 | U253: 132596000000 | V253: 136694000000 | W253: 135104000000 | X253: 135863000000 | Y253: 142003000000 | Z253: 139649000000 | AA253: 133970000000 | AB253: 124997000000 | AC253: 124997000000
A254: AccountsReceivableTradeNet | M254: 17897000000 | N254: 20838000000 | O254: 19149000000 | P254: 20965000000 | Q254: 20889000000 | R254: 25326000000 | S254: 21825000000 | T254: 21201000000 | U254: 24925000000 | V254: 30930000000 | W254: 28006000000 | X254: 31967000000 | Y254: 34047000000 | Z254: 39304000000 | AA254: 34703000000 | AB254: 35707000000 | AC254: 35707000000
A255: AccountsNotesReceivableNet | M255: 17897000000 | N255: 20838000000 | O255: 19149000000 | P255: 20965000000 | Q255: 20889000000 | R255: 25326000000 | S255: 21825000000 | T255: 21201000000 | U255: 24925000000 | V255: 30930000000 | W255: 28006000000 | X255: 31967000000 | Y255: 34047000000 | Z255: 39304000000 | AA255: 34703000000 | AB255: 35707000000 | AC255: 35707000000
A256: OtherReceivables | M256: 170000000 | N256: 355000000 | O256: 111000000 | P256: 352000000 | Q256: 192000000 | R256: 2166000000 | S256: 1910000000 | T256: 394000000 | U256: 588000000 | V256: 454000000 | W256: 493000000 | X256: 884000000 | Y256: 753000000 | Z256: 966000000 | AA256: 919000000 | AB256: 1366000000 | AC256: 1366000000
A257: TotalReceivablesNet | M257: 18067000000 | N257: 21193000000 | O257: 19260000000 | P257: 21317000000 | Q257: 21081000000 | R257: 27492000000 | S257: 23735000000 | T257: 21595000000 | U257: 25513000000 | V257: 31384000000 | W257: 28499000000 | X257: 32851000000 | Y257: 34800000000 | Z257: 40270000000 | AA257: 35622000000 | AB257: 37073000000 | AC257: 37073000000
A258: InventoriesNet | M258: 1212000000 | N258: 1107000000 | O258: 1053000000 | P258: 964000000 | Q258: 1401000000 | R258: 999000000 | S258: 889000000 | T258: 815000000 | U258: 835000000 | V258: 728000000 | W258: 888000000 | X258: 907000000 | Y258: 1278000000 | Z258: 1170000000 | AA258: 1369000000 | AB258: 1980000000 | AC258: 1980000000
A259: PrepaidExpenses | M259: 0 | N259: 0 | O259: 0 | P259: 0 | Q259: 0 | R259: 0 | S259: 0 | T259: 0 | U259: 0 | V259: 0 | W259: 0 | X259: 0 | Y259: 0 | Z259: 0 | AA259: 0 | AB259: 0 | AC259: 0
A260: DeferredIncomeTaxesCurrent | M260: 0 | N260: 0 | O260: 0 | P260: 0 | Q260: 0 | R260: 0 | S260: 0 | T260: 0 | U260: 0 | V260: 0 | W260: 0 | X260: 0 | Y260: 0 | Z260: 0 | AA260: 0 | AB260: 0 | AC260: 0
A261: OtherCurrentAssets | M261: 4007000000 | N261: 4236000000 | O261: 4406000000 | P261: 4100000000 | Q261: 4699000000 | R261: 4412000000 | S261: 5165000000 | T261: 5579000000 | U261: 5425000000 | V261: 5490000000 | W261: 7646000000 | X261: 6076000000 | Y261: 6029000000 | Z261: 7054000000 | AA261: 6892000000 | AB261: 8321000000 | AC261: 8321000000
...
